AoeStats
← Lukan

Arabia

504163268Analyzed
1v1 RM · 2mo ago on Sep 4, 2026· 42m 2s· 2 players
Game mode
Random Map
Map size
Tiny (2 player)
Population
200
Speed
Normal
Resources
Standard
Victory
Conquest
Starting age
Dark Age
Ending age
Imperial Age
RankedLock teamsTeams togetherTeam positionsShared explorationLock speedFull tech treeHidden civsTurbo modeCheats
Victory
Defeat
🇨🇳 Mongols · China
1257
+13
vs
🇵🇪 Khitans · Peru
1194
-13
Lukan
6:47 Loom
9:07 Feudal Age
9:34 Double-Bit Axe
19:17 Castle Age
19:44 Wheelbarrow
18:53 Domestication
19:05 Gold Mining
20:24 Bow Saw
20:06 Fletching
20:57 Bodkin Arrow
21:49 Padded Archer Armor
22:04 Thumb Ring
24:25 Heavy Cavalry Archer
25:48 Husbandry
26:12 Ballistics
26:06 Squires
26:45 Leather Archer Armor
34:33 Imperial Age
32:12 Town Watch
32:24 Stone Mining
33:14 Forging
34:11 Pikeman
34:55 Scale Mail Armor
35:33 Hand Cart
36:03 Stone Shaft Mining
35:55 Chain Mail Armor
36:31 Pastoralism
36:59 Conscription
38:51 Iron Casting
41:10 Plate Mail Armor
nimite
6:16 Loom
8:58 Feudal Age
10:18 Horse Collar
13:39 Double-Bit Axe
20:15 Castle Age
19:04 Bloodlines
19:14 Forging
19:39 Gold Mining
20:24 Scale Barding Armor
21:42 Bow Saw
22:15 Town Watch
22:36 Husbandry
27:40 Wheelbarrow
27:59 Chain Barding Armor
28:16 Iron Casting
31:05 Fletching
34:27 Hand Cart
38:51 Imperial Age
36:24 Stone Mining
36:53 Heavy Plow
38:58 Elite Steppe Lancer
40:56 Blast Furnace
41:01 Capped Ram
Connection lost

Rejoining the realm…

Still unreachable

The connection could not be restored.

Session expired

The server has moved on; the page needs a fresh start.